 Dungeon Crawl Stone Soup version 0.19-a0-743-ge0d55e4 (webtiles) character file.

90 Ryco the Sneak (level 4, 0/21 HPs)
             Began as a Spriggan Enchanter on June 23, 2016.
             Slain by an orc
             ... wielding a +0 flail
              (12 damage)
             ... on level 4 of the Dungeon.
             The game lasted 00:06:50 (887 turns).

Ryco the Sneak (Spriggan Enchanter)                  Turns: 887, Time: 00:06:51

Health: 0/21       AC:  3    Str:  4    XL:     4   Next: 32%
Magic:  2/9        EV: 18    Int: 16    God:
Gold:   158        SH:  3    Dex: 17    Spells: 4 memorised, 0 levels left

rFire  . . .     SeeInvis +     a - +1 dagger
rCold  . . .     Gourm    .     j - +1 robe
rNeg   . . .     Faith    .     (shield restricted)
rPois  .         Spirit   .     (helmet restricted)
rElec  .         Dismiss  .     (no cloak)
rCorr  .         Reflect  +     (gloves unavailable)
SustAt .         Harm     .     (boots unavailable)
MR     .....                    o - +3 amulet of reflection
Stlth  ++++......               (no ring)
                                (no ring)

@: very slightly contaminated, very quick, not resistant to hostile
enchantments, stealthy
A: unfitting armour, see invisible, herbivore 3, speed 3, slow metabolism 2
a: no special abilities


You were on level 4 of the Dungeon.
You were not hungry.

You visited 1 branch of the dungeon, and saw 4 of its levels.

You collected 158 gold pieces.

Inventory:

Hand Weapons
 a - a +1 dagger (weapon)
 b - a +0 hunting sling
Missiles
 e - 50 poisoned needles
 k - 25 stones (quivered)
Armour
 j - a +1 robe (worn)
Jewellery
 o - a +3 amulet of reflection (around neck)
Wands
 h - a wand of digging (1/24)
Scrolls
 f - a scroll of fear
 r - a scroll of amnesia {unknown}
 s - a scroll of enchant weapon {unknown}
Potions
 g - a potion of heal wounds {unknown}
 i - 2 potions of degeneration {unknown}
 l - a potion of invisibility {unknown}
 m - a potion of might {unknown}
 p - a potion of cancellation {unknown}
Books
 c - a book of Maledictions

   Spells                             Type                      Level
   a - Corona                         Hexes                        1
   b - Ensorcelled Hibernation        Hexes/Ice                    2
   c - Confuse                        Hexes                        3
   d - Tukima's Dance                 Hexes                        3
   e - Dazzling Spray                 Conjuration/Hexes            3
Comestibles
 d - 2 bread rations


   Skills:
 + Level 0.4 Fighting
 * Level 2.3 Short Blades
 + Level 3.3 Dodging
 + Level 5.6 Stealth
 + Level 3.2 Spellcasting
 + Level 4.3 Hexes
 + Level 0.1 Ice Magic


You couldn't memorise any spells.
You knew the following spells:

 Your Spells              Type           Power        Failure   Level  Hunger
a - Ensorcelled Hibernat  Hex/Ice        #.....       12%         2    ##.....
b - Corona                Hex            ###....      3%          1    None
c - Confuse               Hex            ###.....     12%         3    ###....
t - Tukima's Dance        Hex            ###.....     12%         3    ###....


Dungeon Overview and Level Annotations

Branches:
Dungeon (4/15)
 Temple: D:4-7

Altars:
Cheibriados
Pakellas

Annotations:
D:4 kGEAR's ghost, amateur GrFi


Innate Abilities, Weirdness & Mutations

You are tiny and cannot use many weapons and most armour.
You have supernaturally acute eyesight. (SInv)
You are a herbivore.
You cover ground extremely quickly.
You need consume almost no food.


Message History

You miscast Ensorcelled Hibernation.
You are very lightly contaminated with residual magic.
You hear an indistinct dissonance whispering inside your mind.
Casting: Ensorcelled Hibernation
Confirm with . or Enter, or press ? or * to list all spells.
Aiming: Ensorcelled Hibernation
Press: ? - help, Shift-Dir - straight line, f/p - orc
Aim: an orc, wielding a vampiric morningstar and wearing a ring mail (chance to defeat MR: 79%)
The orc looks drowsy...
The helpless orc fails to defend itself.
You impale the orc!!
You kill the orc!
You hit the orc.
The orc is heavily wounded.
The orc hits you with a flail.
You hit the orc.
The orc is heavily wounded.
The orc hits you with a flail!
Ouch! That really hurt!
You die...

#............ . #.
##.#.#..#####. #.
#.# ##..#)....# #.
#.. #.###.........#
##
#.##......###o.#.#
#.....$.####..##.#
###....)..>).###...
###.o[.##.........
#.?.@)(###.########
#.#.)......#
#....########
#.#.## # #. #. #.
.. ##


You could see an orc.

Vanquished Creatures
  4 adders
  An ooze (D:1)
  A worm (D:2)
  A dart slug (D:2)
  A giant gecko (D:1)
  4 orcs (D:4)
  4 bats
  5 goblins
  6 hobgoblins
  4 jackals
  A ball python (D:1)
  2 kobolds
  2 rats
36 creatures vanquished.

Notes
Turn   | Place    | Note
--------------------------------------------------------------
     0 | D:1      | Ryco the Spriggan Enchanter began the quest for the Orb.
     0 | D:1      | Reached XP level 1. HP: 9/9 MP: 5/5
   194 | D:1      | Reached XP level 2. HP: 13/13 MP: 4/6
   198 | D:1      | Learned a level 2 spell: Ensorcelled Hibernation
   317 | D:2      | Reached skill level 5 in Stealth
   317 | D:2      | Reached XP level 3. HP: 16/16 MP: 3/8
   382 | D:2      | Found an oddly glowing altar of Pakellas.
   579 | D:3      | Reached XP level 4. HP: 11/21 MP: 9/9
   724 | D:3      | Found a snail-covered altar of Cheibriados.
   816 | D:4      | Noticed kGEAR's ghost (amateur GrFi)
   824 | D:4      | Learned a level 3 spell: Confuse
   828 | D:4      | Learned a level 3 spell: Tukima's Dance
   887 | D:4      | Slain by an orc

Vault maps used:
D:1:      minmay_arrival_widening_spiral_wide
D:2:      st_stairs_8, johnstein_pakellas_dig
D:3:      kennysheep_slug_shrine
D:4:      lemuel_crystal_altar, portal_sewer_entry_e

Skill      XL: |  1  2  3 |
---------------+----------+-----
Spellcasting   | 3 |  3.2
Hexes          | 4 |  4.3
Stealth        | 5 |  5.6
Short Blades   | 2 |  2.3
Fighting       | |  0.4
Dodging        | |  3.3
Ice Magic      | |  0.1

Action                   |  1- 3 |  4- 6 || total
-------------------------+-------+-------++-------
Melee: Dagger            |    81 |    26 ||   107
 Cast: Corona            |     4 |       ||     4
       Ensorcelled Hiber |     7 |     9 ||    16
  Use: Scroll            |       |     3 ||     3
 Stab: Sleeping          |    13 |     7 ||    20
Armor: Robe              |    14 |    10 ||    24
Dodge: Dodged            |    71 |    22 ||    93
Block: Other             |       |     1 ||     1
